 Dungeon Crawl Stone Soup version 0.29-a0-1016-g236c7fd91e (webtiles) character file.

Game seed: 6280401922005677677

4 Manisian the Caller (level 1, 0/10 HPs)
             Began as a Deep Elf Summoner on Aug 9, 2022.
             Slain by a quokka (3 damage)
             ... on level 1 of the Dungeon.
             The game lasted 00:00:13 (282 turns).

Manisian the Caller (Deep Elf Summoner)              Turns: 282, Time: 00:00:14

Health: 0/10       AC:  2    Str:  5    XL:     1   Next: 58%
Magic:  4/6        EV: 12    Int: 19    God:
Gold:   25         SH:  0    Dex: 15    Spells: 5/6 levels left

rFire   . . .      SeeInvis .   (no weapon)
rCold   . . .      Faith    .   (no shield)
rNeg    . . .      Spirit   .   a - +0 robe
rPois   .          Reflect  .   (no helmet)
rElec   .          Harm     .   (no cloak)
rCorr   .          Rampage  .   (no gloves)
Will    .....                   (no boots)
Stlth   ++........              (no amulet)
HPRegen 0.03/turn               (no ring)
MPRegen 0.10/turn               (no ring)

@: no status effects
A: no striking features
a: no special abilities


You were on level 1 of the Dungeon.
You visited 1 branch of the dungeon, and saw 1 of its levels.

You collected 25 gold pieces.

Inventory:

Armour
 a - a +0 robe (worn)
Potions
 b - a potion of magic


   Skills:
 + Level 2.4 Dodging
 + Level 2.4 Stealth
 + Level 3.0 Spellcasting
 + Level 4.6 Summonings


You had 5 spell levels left.
You knew the following spells:

 Your Spells              Type           Power      Damage    Failure   Level
a - Summon Small Mammal   Summ           80%        N/A       2%          1

Your spell library contained the following spells:

 Spells                   Type           Power      Damage    Failure   Level
 Call Imp                 Summ           20%        N/A       3%          2
 Call Canine Familiar     Summ           20%        N/A       7%          3
 Summon Guardian Golem    Hex/Summ       11%        N/A       17%         3
 Summon Lightning Spire   Summ/Air       11%        N/A       50%         4


Dungeon Overview and Level Annotations

Branches:
Dungeon (1/15)

Altars:


Message History

The ball python misses your quokka.
Your quokka bites the ball python.
The ball python dies!
You swap places.
Your rat disappears in a puff of smoke!
You swap places.
You see here a ball python corpse.
Your quokka disappears in a puff of smoke!
A quokka comes into view.
A quokka is nearby!
A quokka is nearby!
Casting: Summon Small Mammal (safe; 2% risk of failure)
Confirm with . or Enter, or press ? or * to list all spells.
Casting: Summon Small Mammal (safe; 2% risk of failure)
Confirm with . or Enter, or press ? or * to list all spells.
Your bat barely misses the quokka.
Your bat hits the quokka but does no damage.
The quokka barely misses your bat.
Your bat barely misses the quokka.
Your bat hits the quokka but does no damage.
Your bat closely misses the quokka.
Your bat hits the quokka but does no damage.
Your rat closely misses the quokka.
Casting: Summon Small Mammal (safe; 2% risk of failure)
Confirm with . or Enter, or press ? or * to list all spells.
Your bat disappears in a puff of smoke!
The quokka bites you but does no damage.
Your rat closely misses the quokka.
Your rat bites the quokka but does no damage.
The quokka attacks as you move away! The quokka misses you.
Found a metallic brown potion.
Your quokka barely misses the quokka.
The quokka bites you.
You completely miss the quokka.
Your quokka closely misses the quokka.
The quokka bites you.
Ouch! That really hurt!
* * * LOW HITPOINT WARNING * * *
Your rat misses the quokka. You hit the quokka.
The quokka is lightly wounded.
Your quokka misses the quokka. The quokka bites you.
You die...

##################
.................!
.........r........
........rr@.......
#######.#########.
...####..#####.##
.................
...#####..####.#
##.# #.# #.# #.#


You could see a quokka (ally target), a friendly quokka (summoned) and a
friendly rat (summoned).

Vanquished Creatures (collateral kills)
  2 hobgoblins (D:1)
  A kobold (D:1)
  A ball python (D:1)
4 creatures vanquished.

Notes
Turn   | Place    | Note
-------+----------+-------------------------------------------
     0 | D:1      | Manisian the Deep Elf Summoner began the quest for the Orb.
     0 | D:1      | Reached XP level 1. HP: 10/10 MP: 6/6
   282 | D:1      | Slain by a quokka

Illustrated notes

Levels and vault maps discovered:
D:1:      dpeg_arrival_pits, layout_basic, dilly_ecumenical_altar_fadedgnrine

Action                   || total
-------------------------++-------
Melee: Unarmed           ||     2
 Cast: Summon Small Mamm ||     8
Armor: Robe              ||     1
Dodge: Dodged            ||     2

Table legend: (Time is in decaauts)
 A = Elapsed time spent in this place.
 B = Non-inter-level travel time spent in this place.
 C = Inter-level travel time spent in this place.
 D = Time resting spent in this place.
 E = Time spent auto-exploring this place.
 F = Levels seen in this place.
 G = Mean time per level.
                   A        B        C        D        E       F      G
               +--------+--------+--------+--------+--------+-----+--------+
         Total |    282 |    282 |      0 |      0 |    243 |   1 |  282.0 |
       Dungeon |    282 |    282 |      0 |      0 |    243 |   1 |  282.0 |
               +--------+--------+--------+--------+--------+-----+--------+

Top non-repeatable levels by time:
     D:1: 282 daAuts
